 Dungeon Crawl Stone Soup version 0.30.1-11-g7821555f0a (webtiles) character file.

Game seed: 13047090132321624042

103 Okkudo the Chopper (level 4, 0/41 HPs)
             Began as a Hill Orc Monk on Dec 1, 2023.
             Constricted to death by Ijyb (4 damage)
             ... on level 4 of the Dungeon.
             The game lasted 00:04:19 (1397 turns).

Okkudo the Chopper (Hill Orc Monk)                  Turns: 1397, Time: 00:04:19

Health: 0/41       AC:  5    Str: 15    XL:     4   Next: 79%
Magic:  4/4        EV:  6    Int: 10    God:
Gold:   157        SH:  7    Dex: 15    Spells: 3/3 levels left

rFire   + + +        a - +0 hand axe
rCold   + . .        p - +0 kite shield
rNeg    . . .        h - +0 ring mail
rPois   .            (no helmet)
rElec   .            (no cloak)
rCorr   .            (no gloves)
SInv    .            (no boots)
Will    .....        (no amulet)
Stlth   +            k - ring of Bodily Harmony {Drain rF+++ rC+ Dex+2}
HPRegen 0.26/turn    (no ring)
MPRegen 0.09/turn

%: no passive effects
@: grasped by roots, constricted
A: no striking features
a: no special abilities


You were on level 4 of the Dungeon.
You visited 1 branch of the dungeon, and saw 6 of its levels.

You collected 157 gold pieces.

Inventory:

Hand Weapons
 a - a +0 hand axe (weapon)
Missiles
 b - 4 javelins (quivered)
Armour
 d - an orb of light
 h - a +0 ring mail (worn)
 p - a +0 kite shield (worn)
Jewellery
 k - the ring of Bodily Harmony (left hand) {Drain rF+++ rC+ Dex+2}
   (You found it on level 2 of the Dungeon)

   [ring of protection from cold]

   Dex:       It affects your dexterity (+2).
   rF:        It renders you almost immune to fire.
   rC:        It protects you from cold.
   Drain:     It drains your maximum health when unequipped.
Wands
 q - a wand of flame (15)
Scrolls
 f - a scroll of enchant weapon {unknown}
 g - 3 scrolls of teleportation {unknown}
 l - a scroll of amnesia {unknown}
 m - a scroll of noise {unknown}
 o - a scroll of summoning {unknown}
 r - a scroll of blinking {unknown}
Potions
 c - 2 potions of ambrosia
 e - a potion of lignification {unknown}
 i - a potion of brilliance {unknown}
 j - 2 potions of curing {unknown}
 n - a potion of flight {unknown}


   Skills:
 + Level 4.7 Fighting
 + Level 5.2 Axes
 + Level 3.1 Dodging


You had 3 spell levels left.
You didn't know any spells.
Your spell library contained the following spells:

 Spells                   Type           Power      Damage    Failure   Level
 Cigotuvi's Dreadful Rot  Necr/Pois/Air  0%         N/A       99%         2
 Ignite Poison            Fire/Tmut/Pois 0%         N/A       100%        3
 Freezing Cloud           Conj/Ice/Air   0%         6-21      100%        5


Dungeon Overview and Level Annotations

Branches:
Dungeon (6/15)
 Temple: D:4-7

Altars:

Annotations:
D:2 Robin
D:4 Ijyb


Message History

You hit the adder.
The adder is almost dead.
You hit Ijyb but do no damage. You closely miss the hobgoblin.
You block Ijyb's attack. You block the hobgoblin's attack.
The adder closely misses you.
You hit the adder.
You kill the adder!
You closely miss Ijyb. You hit the hobgoblin but do no damage.
Ijyb hits you with a +0 dagger. You block the hobgoblin's attack.
Ijyb hits you with a +0 dagger.
The hobgoblin hits you but does no damage.
You hit the hobgoblin.
You kill the hobgoblin!
You closely miss Ijyb.
Ijyb zaps a wand.
The roots erupt in riotous growth!
The grasping roots grab you!
Ijyb is unaffected.
The grasping roots constrict you.
You barely miss Ijyb. Ijyb barely misses you. The grasping roots constrict you.
You hit Ijyb but do no damage.
Ijyb screams, "Me very upset!"
Ijyb hits you with a +0 dagger. The grasping roots constrict you.
* * * LOW HITPOINT WARNING * * *
You closely miss Ijyb. Ijyb barely misses you.
The grasping roots constrict you.
* * * LOW HITPOINT WARNING * * *
You block Ijyb's attack. The grasping roots constrict you.
* * * LOW HITPOINT WARNING * * *
The grasping roots release their grip on you.
You hit Ijyb.
Ijyb is lightly wounded.
You block Ijyb's attack.
You closely miss Ijyb.
Ijyb is lightly wounded.
You block Ijyb's attack. Ijyb attacks as you move away!
You block Ijyb's attack.
A quokka comes into view.
Ijyb screams, "Me kill you!"
Ijyb zaps a wand.
The roots erupt in riotous growth!
The grasping roots grab you!
Ijyb is unaffected.
The grasping roots constrict you.
You die...

......##....#
.......#.... ...###.
#.........###......
......##^..##......
......#...........
#...............
##†.†...###......
####.†..............
#..@g...............
#....##.#..#........
#.....###.##........
##.....##.####.....#
#..#..##.###.....##
..##.r.........####
##. ...............
.. ...............
.## ##.............


You could see Ijyb and a quokka.

Vanquished Creatures
  An orc wizard (D:4)
  An adder (D:4)
  3 dart slugs
  4 orcs
  4 ball pythons
  3 bats (D:1)
  4 endoplasms
  A giant cockroach (D:4)
  11 goblins
  6 hobgoblins
  4 jackals (D:1)
  2 kobolds
  A quokka (D:1)
  5 frilled lizards
  5 rats
55 creatures vanquished.

Notes
Turn   | Place    | Note
-------+----------+-------------------------------------------
     0 | D:1      | Okkudo the Hill Orc Monk began the quest for the Orb.
     0 | D:1      | Reached XP level 1. HP: 19/19 MP: 1/1
   229 | D:1      | Reached XP level 2. HP: 27/27 MP: 2/2
   464 | D:1      | Reached XP level 3. HP: 33/33 MP: 3/3
   631 | D:1      | Found a faded altar of an unknown god.
   767 | D:2      | Identified the ring of Bodily Harmony {Drain rF+++ rC+
                  | Dex+2}
   854 | D:2      | Noticed Robin
  1206 | D:3      | You fall into a shaft and drop 3 floors!
  1211 | D:5      | Entered Level 5 of the Dungeon
  1301 | D:4      | Reached XP level 4. HP: 41/41 MP: 4/4
  1310 | D:4      | Reached skill level 5 in Axes
  1377 | D:4      | Noticed Ijyb
  1392 | D:4      | HP: 2/41 [constriction (3)]
  1397 | D:4      | Constricted to death by Ijyb

Illustrated notes

Levels and vault maps discovered:
D:1:      elethiomel_arrival_infinity_welcomes_careful_drivers, layout_rooms,
          hellmonk_ecumenical_altar_dog_temple
D:2:      layout_rooms, minivault_4, uniq_robin
D:3:      layout_basic, portal_sewer_entry_e, hex_medium
D:4:      layout_cave_pools, makhleb_blood_cavern_becter,
          gammafunk_temple_overflow_statue, uniq_crazy_yiuf_cottage, uniq_ijyb
D:5:      layout_loops_ring, hangedman_glass_teeth,
          hangedman_abyss_or_decor_lesser_grid, minmay_mini_ossuary
D:6:      layout_loops_ring, nicolae_qazlal_scattered_showers,
          minmay_temple_entry_drinking_statues, serial_shops, shop,
          serial_glass, glass_columns_a, glass_columns_a, glass_columns_b,
          glass_columns_a, glass_columns_b, glass_columns_c, glass_columns_b,
          glass_columns_c, ebering_ghost_xom

Skill      XL: |  1  2  3  4 |
---------------+-------------+-----
Fighting       | 4 |  4.7
Dodging        | 3 |  3.1
Axes           | 5 |  5.2

Action                     |  1- 3 |  4- 6 || total
---------------------------+-------+-------++-------
  Melee: Hand axe          |   108 |    37 ||   145
 Armour: Robe              |    11 |       ||    11
         Ring mail         |    35 |    17 ||    52
  Dodge: Dodged            |    58 |     8 ||    66
  Block: Kite shield       |     2 |    19 ||    21
